 Dungeon Crawl Stone Soup version 0.26-a0-542-gbaa144ba5c (console) character file.

Game seed: 11229775122451122915

1451 FIQ the Cleaver (level 8, -3/67 HPs)
             Began as a Hill Orc Fighter on Aug 18, 2020.
             Was a Believer of Beogh.
             Slain by an orc warrior
             ... wielding a +0 halberd
              (17 damage)
             ... on level 6 of the Dungeon.
             The game lasted 00:13:11 (6261 turns).

FIQ the Cleaver (Hill Orc Fighter)                  Turns: 6261, Time: 00:13:11

Health: -3/67      AC: 14    Str: 21    XL:     8   Next: 75%
Magic:  10/10      EV:  9    Int:  8    God:    Beogh [**....]
Gold:   294        SH:  9    Dex: 12    Spells: 7/7 levels left

rFire    + + .     SeeInvis .   o - +5 whip {protect, *Slow +Blink rF+}
rCold    . . .     Faith    .   c - +0 kite shield
rNeg     . . .     Spirit   .   k - +0 scale mail
rPois    +         Reflect  .   u - +0 helmet
rElec    .         Harm     .   (no cloak)
rCorr    .                      (no gloves)
MR       .....                  (no boots)
Stlth    ..........             (no amulet)
HPRegen  0.21/turn              t - ring of poison resistance
MPRegen  0.12/turn              q - +4 ring of protection

@: no status effects
A: repulsion field 1, thin metallic scales 1, agile 1, fire resistance 1
a: Smiting, Renounce Religion, Evoke Blink


You were on level 6 of the Dungeon.
You worshipped Beogh.
Beogh was pleased with you.
You visited 1 branch of the dungeon, and saw 7 of its levels.
You also visited: Sewer.

You collected 378 gold pieces.
You spent 84 gold pieces at shops.

Inventory:

Hand Weapons
 a - a +1 war axe
 b - a +2 mace of protection
 o - the +5 whip of Cogrerch (weapon) {protect, *Slow +Blink rF+}
   (You found it on level 7 of the Dungeon)

   It grants its wielder temporary protection when it strikes (+7 to AC).
   It protects you from fire.
   It lets you blink.
   It may slow you when you take damage.
Armour
 c - a +0 kite shield (worn)
 k - a +0 scale mail (worn)
 u - a +0 helmet (worn)
Jewellery
 m - an uncursed ring of magical power
 q - a +4 ring of protection (right hand)
 t - a ring of poison resistance (left hand)
Wands
 s - a wand of iceblast (11)
Scrolls
 e - 3 scrolls of identify
 f - 3 scrolls of remove curse
 g - a scroll of vulnerability {unknown}
 h - a scroll of brand weapon {unknown}
 i - a scroll of fear
 p - a scroll of summoning {unknown}
 r - 3 scrolls of teleportation
Potions
 d - 2 potions of might
 j - 3 potions of stabbing
 l - a potion of resistance
 n - 3 potions of invisibility


   Skills:
 + Level 4.9 Fighting
 * Level 12.1 Axes
 - Level 3.2 Armour
 - Level 3.2 Shields
 + Level 3.3 Invocations
 + Level 2.4 Evocations


You had 7 spell levels left.
You didn't know any spells.
Your spell library contained the following spells:

 Spells                   Type           Power        Failure   Level
 Summon Small Mammal      Summ           #...         99%         1
 Call Imp                 Summ           #.......     100%        2
 Call Canine Familiar     Summ           #.......     100%        3
 Summon Guardian Golem    Hex/Summ       #.......     100%        3
 Summon Ice Beast         Ice/Summ       #.......     100%        4
 Summon Lightning Spire   Summ/Air       #.......     100%        4


Dungeon Overview and Level Annotations

Branches:
Dungeon (7/15)              Sewer (visited)
 Temple: D:4-7

Altars:
Qazlal

Shops:
D:5 }


Innate Abilities, Weirdness & Mutations

You are surrounded by a mild repulsion field. (EV +2)
You are partially covered in thin metallic scales. (AC +2)
You are agile. (Dex +2)
Your flesh is heat resistant. (rF+)


Message History

* * * LOW HITPOINT WARNING * * *
Okay, then.
You're too confused to move!
The orc warrior hits you but does no damage.
Okay, then.
Your shield and scale mail prevent you from hitting the orc warrior.
The orc warrior is moderately wounded.
The orc warrior barely misses you.
Your shield prevents you from hitting the orc warrior.
The orc warrior is moderately wounded.
You barely miss the orc warrior.
The orc warrior is moderately wounded.
The orc warrior hits you with a +0 halberd.
* * * LOW HITPOINT WARNING * * *
You closely miss the orc warrior.
The orc warrior is moderately wounded.
You feel less confused.
The orc warrior hits you with a +0 halberd!
You die...
Beogh appreciates the orc warrior's killing of a heretic priest.

........ ...o.... #.....
########...... #........#
#'##. #........# #.##.#
#...)....###.##.#
#........'.......
#........###.##.####)
#........###..#.....
#........(..@.#..#
####'####'###o...#
..........#..).######
...........#.)†....... ###
..............>###########<#
##.......(..#.# #.......
#########[##.######..[)...
#[.(..............
###...............
#...............
#.....###.......


You could see an orc warrior.

Vanquished Creatures
  Sigmund (D:5)
  An orc warrior (D:5)
  A sky beast (D:5)
  2 ogres
  A crocodile (Sewer)
  A big kobold (D:7)
  A gnoll sergeant (D:4)
  A scorpion (D:5)
  A howler monkey (D:5)
  A centaur skeleton (D:5)
  3 orc priests
  2 hounds (D:4)
  5 orc wizards
  Ijyb (D:5)
  3 worker ants
  6 adders
  4 gnolls
  A shadow imp (D:5)
  2 white imps
  An ufetubus (D:5)
  5 worms
  2 dart slugs (D:2)
  4 leopard geckos
  12 orcs
  3 ball pythons
  6 giant cockroaches
  11 goblins
  12 hobgoblins
  3 jackals (D:5)
  14 kobolds
  11 bats
  4 frilled lizards
  A giant cockroach zombie (D:5)
  A leopard gecko skeleton (D:5)
  A quokka skeleton (D:4)
  6 rats
135 creatures vanquished.

Vanquished Creatures (others)
  A dart slug (D:3)
1 creature vanquished.

Grand Total: 136 creatures vanquished

Notes
Turn   | Place    | Note
-------+----------+-------------------------------------------
     0 | D:1      | FIQ the Hill Orc Fighter began the quest for the Orb.
     0 | D:1      | Reached XP level 1. HP: 19/19 MP: 1/1
    32 | D:1      | Reached skill level 3 in Axes
    77 | D:1      | Reached XP level 2. HP: 25/26 MP: 2/2
   177 | D:1      | Reached skill level 4 in Axes
   366 | D:1      | Reached XP level 3. HP: 30/31 MP: 3/3
   935 | D:2      | Reached skill level 5 in Axes
  1131 | D:2      | Reached XP level 4. HP: 15/39 MP: 4/4
  1691 | D:2      | Noticed an ogre
  1699 | D:2      | Killed an ogre
  1699 | D:2      | Reached skill level 7 in Axes
  1699 | D:2      | Reached XP level 5. HP: 27/45 MP: 5/5
  2334 | D:3      | Became a worshipper of Beogh the Brigand
  3005 | D:4      | Found a stormy altar of Qazlal.
  3217 | D:4      | Reached skill level 8 in Axes
  3220 | D:4      | Reached XP level 6. HP: 50/51 MP: 6/6
  3958 | D:3      | Reached skill level 9 in Axes
  3964 | D:3      | Reached * piety under Beogh
  3995 | D:3      | HP: 2/51 [poisoned by a worker ant]
  4380 | D:5      | Entered Level 5 of the Dungeon
  4423 | D:5      | Reached XP level 7. HP: 57/57 MP: 7/7
  4437 | D:5      | Found a glowing drain.
  4460 | Sewer    | Entered a sewer
  4504 | Sewer    | Reached skill level 10 in Axes
  4973 | D:5      | Gained mutation: Your flesh is heat resistant. (rF+)
                  | [potion of mutation]
  4973 | D:5      | Gained mutation: You are surrounded by a mild repulsion
                  | field. (EV +2) [potion of mutation]
  4973 | D:5      | Gained mutation: You are partially covered in thin metallic
                  | scales. (AC +2) [potion of mutation]
  4973 | D:5      | Gained mutation: You are agile. (Dex +2) [potion of
                  | mutation]
  5104 | D:5      | Reached skill level 11 in Axes
  5163 | D:5      | Noticed Ijyb
  5163 | D:5      | Noticed Sigmund
  5209 | D:5      | Found Zymy's Gadget Emporium.
  5215 | D:5      | Bought a wand of iceblast (2) for 84 gold pieces
  5321 | D:5      | Reached skill level 1 in Invocations
  5335 | D:5      | Reached XP level 8. HP: 64/66 MP: 8/8
  5381 | D:5      | Killed Ijyb
  5400 | D:5      | Killed Sigmund
  5400 | D:5      | Reached ** piety under Beogh
  5400 | D:5      | Reached skill level 1 in Evocations
  5863 | D:6      | Reached skill level 12 in Axes
  6200 | D:7      | Got a polished whip
  6201 | D:7      | Identified the +5 whip of Cogrerch {protect, *Slow +Blink
                  | rF+} (You found it on level 7 of the Dungeon)
  6261 | D:6      | Slain by an orc warrior

Illustrated notes

Levels and vault maps discovered:
D:1:      lemuel_arrival_lava_pool, layout_basic, hex_tiny,
          hangedman_decor_lopped
D:2:      layout_loops_ring
D:3:      layout_basic
D:4:      layout_basic, grunt_qazlal_clouds, lightli_minifort
D:5:      layout_rooms, serial_shops, shop, gup_sewer_entry_pipe, uniq_ijyb,
          uniq_sigmund
D:6:      layout_basic, basic_altar
D:7:      minmay_the_grid_triangle_9x9_rhombus_full
          [minmay_the_grid_triangle_9x9_impossible_snake,
          minmay_the_grid_triangle_9x9_shrine,
          minmay_the_grid_triangle_9x9_dagger,
          minmay_the_grid_triangle_9x9_corruption,
          minmay_the_grid_triangle_9x9_zippers_vertical,
          minmay_the_grid_triangle_9x9_pentomino_pain,
          minmay_the_grid_triangle_9x9_limited_checkers,
          minmay_the_grid_triangle_9x9_prize_insulated], layout_basic,
          minmay_temple_entry_statues_pillars

Skill      XL: |  1  2  3  4  5  6  7  8 |
---------------+-------------------------+-----
Axes           | 3 4 5 7 8 9 11 12 | 12.1
Invocations    | 1 3 |  3.3
Fighting       | 4 |  4.9
Evocations     | 2 |  2.4
Armour         | |  3.2
Shields        | |  3.2

Action                   |  1- 3 |  4- 6 |  7- 9 || total
-------------------------+-------+-------+-------++-------
Melee: War axe           |   131 |   129 |   192 ||   452
       Whip              |       |       |    31 ||    31
Invok: Convert to Beogh  |       |     1 |       ||     1
  Use: Scroll            |       |    10 |     3 ||    13
       Potion            |       |     4 |     2 ||     6
Armor: Scale mail        |    45 |    39 |   106 ||   190
Dodge: Dodged            |    53 |    27 |    72 ||   152
Block: Kite shield       |    63 |    60 |    90 ||   213

Table legend: (Time is in decaauts)
 A = Elapsed time spent in this place.
 B = Non-inter-level travel time spent in this place.
 C = Inter-level travel time spent in this place.
 D = Time resting spent in this place.
 E = Time spent auto-exploring this place.
 F = Levels seen in this place.
 G = Mean time per level.
                   A        B        C        D        E       F      G
               +--------+--------+--------+--------+--------+-----+--------+
         Total |   6364 |   6100 |    264 |    452 |   4450 |   8 |  795.5 |
       Dungeon |   6111 |   5847 |    264 |    452 |   4256 |   7 |  873.0 |
         Sewer |    252 |    252 |      0 |      0 |    194 |   1 |  252.0 |
               +--------+--------+--------+--------+--------+-----+--------+

Top non-repeatable levels by time:
     D:2: 1371 daAuts
     D:3: 1203 daAuts
     D:5: 1171 daAuts
     D:4: 974 daAuts
     D:1: 924 daAuts
   Sewer: 252 daAuts
     D:6: 252 daAuts
     D:7: 213 daAuts
